 Dungeon Crawl Stone Soup version 0.29-a0-414-g5075937ec3 (webtiles) character file.

Game seed: 1921131685294496642

480 bwicke the Skirmisher (level 7, 0/67 HPs)
             Began as a Hill Orc Berserker on May 15, 2022.
             Was a Believer of Trog.
             Slain by a gnoll
             ... wielding a +0 halberd
             ... led by a gnoll shaman
              (6 damage)
             ... on level 4 of the Dungeon.
             The game lasted 00:12:36 (4469 turns).

bwicke the Skirmisher (Hill Orc Berserker)          Turns: 4469, Time: 00:12:38

Health: 0/67       AC:  6    Str: 22    XL:     7   Next: 11%
Magic:  0/7        EV: 11    Int:  7    God:    Trog [**....]
Gold:   159        SH:  0    Dex: 10    Spells: 6/6 levels left

rFire   + + .      SeeInvis .   c - +2 whip (venom)
rCold   + . .      Faith    .   (no shield)
rNeg    . . .      Spirit   +   j - +0 ring mail
rPois   .          Reflect  .   (no helmet)
rElec   .          Harm     +   u - scarf {rC+ rF+}
rCorr   .          Rampage  .   (no gloves)
Will    ++...                   t - +0 pair of boots of Defence {Harm}
Stlth   ..........              n - amulet of guardian spirit
HPRegen 1.21/turn               m - ring of protection from fire
MPRegen 0.10/turn               (no ring)

@: about to teleport, strong-willed (expiring), on berserk cooldown,
regenerating (expiring), slowed, very slow
A: no striking features
a: Renounce Religion, Berserk, Trog's Hand


You were on level 4 of the Dungeon.
You worshipped Trog.
Trog was pleased with you.
You visited 1 branch of the dungeon, and saw 4 of its levels.

You collected 159 gold pieces.

Inventory:

Hand Weapons
 a - a +0 hand axe
 c - a +2 whip of venom (weapon)
 g - a +4 short sword of distortion
 p - a +0 flail
 q - a +1 spear of flaming
Missiles
 d - a throwing net
 h - 3 poisoned darts
Armour
 b - a +1 animal skin
 j - a +0 ring mail (worn)
 t - the +0 pair of boots of Defence (worn) {Harm}
   (You found it on level 3 of the Dungeon)

   Harm:      It increases damage dealt and taken.
 u - a scarf of resistance (worn)
Jewellery
 m - a ring of protection from fire (left hand)
 n - an amulet of guardian spirit (around neck)
Wands
 r - a wand of charming (3)
 x - a wand of iceblast (5)
Scrolls
 l - 4 scrolls of teleportation
 o - a scroll of vulnerability
 s - a scroll of immolation
 v - a scroll of silence
 y - a scroll of enchant armour
Potions
 e - a potion of resistance {unknown}
 f - a potion of heal wounds {unknown}
 i - a potion of curing {unknown}
 k - a potion of might
 w - a potion of berserk rage


   Skills:
 + Level 7.7 Fighting
 - Level 7.0 Axes
 - Level 2.1 Armour
 - Level 1.5 Dodging


You had 6 spell levels left.
You didn't know any spells.
Your spell library contained the following spells:

 Spells                   Type           Power      Damage    Failure   Level
 Static Discharge         Conj/Air       0%         N/A       75%         2
 Dispel Undead            Necr           0%         3d6       100%        4
 Sticky Flame             Conj/Fire      0%         2d3       100%        4


Dungeon Overview and Level Annotations

Branches:
Dungeon (4/15)
 Temple: D:4-7

Altars:


Message History

You whack the gnoll shaman!
You kill the gnoll shaman!
Trog accepts your kill. The gnoll closely misses you.
You hit the gnoll but do no damage.
The gnoll is poisoned.
The gnoll closely misses you.
You whack the gnoll!
You kill the gnoll!
Trog accepts your kill.
The gnoll hits you from afar with a +0 halberd!
The gnoll hits you with a +0 halberd.
Items here: )) [ ††.
You closely miss the gnoll. The gnoll hits you with a +0 club.
The gnoll hits you with a +0 halberd!
* * * LOW HITPOINT WARNING * * *
You barely miss the gnoll.
You are no longer berserk.
You are exhausted.
You feel yourself slow down. The gnoll hits you with a +0 halberd!
* * * LOW HITPOINT WARNING * * *
The gnoll hits you but does no damage.
You closely miss the gnoll. The gnoll closely misses you.
The gnoll hits you with a +0 club.
* * * LOW HITPOINT WARNING * * *
The gnoll barely misses you.
Okay, then.
As you read the scroll of teleportation, it crumbles to dust.
You feel strangely unstable. The gnoll barely misses you.
The gnoll hits you with a +0 club.
* * * LOW HITPOINT WARNING * * *
The gnoll barely misses you. The gnoll misses you.
The gnoll hits you with a +0 club.
* * * LOW HITPOINT WARNING * * *
The gnoll attacks as you move away! The gnoll hits you with a +0 club.
* * * LOW HITPOINT WARNING * * *
The gnoll attacks as you move away! The gnoll hits you with a +0 club.
* * * LOW HITPOINT WARNING * * *
You feel the effects of Trog's Hand fading.
The gnoll hits you with a +0 halberd!
You die...

##..........#...###.......#
##.............## #......####
#.............## ##...<.....#
##.............####...........
####.........................####
.##..........................#
...........###..ggg######....##
..........## #..g)## ##....##
.....###..# #..@.# ##....##
....## ##.#####..#### ##.......
....# #...........#####.......#
....# ##..#..............#....##
#...####..######.....###..#...##
##...##..## #.##### #.##..##
####....## #.#######.#..## ##
##...### ##............# .#
#.....#####............##


You could see 4 gnolls.

Vanquished Creatures
  A bullfrog (D:4)
  A scorpion (D:4)
  A jelly (D:4)
  A gnoll shaman (D:4)
  A hound (D:4)
  Ijyb (D:4)
  Jessica (D:2)
  An iguana (D:4)
  7 gnolls
  3 adders
  3 dart slugs
  5 ball pythons
  11 endoplasms
  3 giant cockroaches (D:1)
  11 goblins
  6 hobgoblins
  8 jackals
  8 kobolds
  3 quokkas
  5 bats
  2 frilled lizards (D:1)
  9 rats
92 creatures vanquished.

Notes
Turn   | Place    | Note
-------+----------+-------------------------------------------
     0 | D:1      | bwicke the Hill Orc Berserker began the quest for the Orb.
     0 | D:1      | Reached XP level 1. HP: 19/19 MP: 1/1
   296 | D:1      | Reached XP level 2. HP: 25/27 MP: 2/2
   446 | D:1      | Reached XP level 3. HP: 23/34 MP: 3/3
   879 | D:1      | Reached skill level 5 in Axes
   999 | D:1      | Reached ** piety under Trog
  1083 | D:1      | Found a faded altar of an unknown god.
  1387 | D:2      | Noticed Jessica
  1397 | D:2      | Killed Jessica
  1398 | D:2      | Reached skill level 5 in Fighting
  1398 | D:2      | Reached XP level 4. HP: 37/42 MP: 4/4
  2008 | D:3      | Reached XP level 5. HP: 48/48 MP: 3/5
  2293 | D:3      | Identified the +0 pair of boots of Defence {Harm}
  2314 | D:3      | You fall into a shaft and drop 1 floor!
  2956 | D:4      | Noticed Ijyb
  2977 | D:4      | Killed Ijyb
  3048 | D:4      | Reached XP level 6. HP: 57/57 MP: 3/6
  4071 | D:4      | Reached XP level 7. HP: 59/66 MP: 5/7
  4469 | D:4      | Slain by a gnoll

Illustrated notes

Levels and vault maps discovered:
D:1:      shiori_arrival_oz, layout_basic,
          hellmonk_ecumenical_altar_inner_sanctum, minmay_heptomino_o4
D:2:      layout_basic, uniq_jessica
D:3:      layout_basic, grunt_decor_fettered, minmay_misc_feat_tiny,
          lemuel_old_faithful
D:4:      layout_layer_cave, kennysheep_path_1, uniq_ijyb

Skill      XL: |  1  2  3  4  5  6 |
---------------+-------------------+-----
Fighting       | 4 5 6 7 |  7.7
Axes           | 5 6 7 |  7.0
Armour         | |  2.1
Dodging        | |  1.5

Action                   |  1- 3 |  4- 6 |  7- 9 || total
-------------------------+-------+-------+-------++-------
Melee: Whip              |    97 |   106 |    17 ||   220
       Hand axe          |       |    24 |       ||    24
       Spear             |       |    10 |       ||    10
       Punch             |       |     1 |       ||     1
Invok: Berserk           |     1 |     4 |     1 ||     6
       Trog's Hand       |     1 |     2 |     1 ||     4
  Use: Scroll            |     2 |     6 |     1 ||     9
 Stab: Sleeping          |     3 |       |       ||     3
Armor: Animal skin       |    13 |       |       ||    13
       Ring mail         |     2 |    36 |     3 ||    41
Dodge: Dodged            |    48 |    51 |    13 ||   112

Table legend: (Time is in decaauts)
 A = Elapsed time spent in this place.
 B = Non-inter-level travel time spent in this place.
 C = Inter-level travel time spent in this place.
 D = Time resting spent in this place.
 E = Time spent auto-exploring this place.
 F = Levels seen in this place.
 G = Mean time per level.
                   A        B        C        D        E       F      G
               +--------+--------+--------+--------+--------+-----+--------+
         Total |   4512 |   4392 |    120 |    353 |   3170 |   4 | 1128.0 |
       Dungeon |   4512 |   4392 |    120 |    353 |   3170 |   4 | 1128.0 |
               +--------+--------+--------+--------+--------+-----+--------+

Top non-repeatable levels by time:
     D:4: 1581 daAuts
     D:1: 1393 daAuts
     D:3: 967 daAuts
     D:2: 571 daAuts
